 Dungeon Crawl Stone Soup version 0.19-a0-1462-g5650605 (webtiles) character file.

11409 MrRokkomies the Blocker (level 11, -4/114 HPs)
             Began as a Troll Chaos Knight on Sept 6, 2016.
             Slain by Zigma's ghost (18 damage)
             ... on level 2 of the Lair of Beasts on Sept 7, 2016.
             The game lasted 00:51:45 (8691 turns).

MrRokkomies the Blocker (Troll Chaos Knight)        Turns: 8691, Time: 00:51:45

Health: -4/114     AC:  2    Str: 27    XL:     11   Next: 48%
Magic:  10/10      EV: 19    Int:  8    God:    Xom [...*..]
Gold:   651        SH:  0    Dex: 15    Spells: 0 memorised, 10 levels left

rFire  . . .     SeeInvis .       - Unarmed
rCold  . . .     Gourm    +     (armour currently unavailable)
rNeg   + . .     Faith    .     (shield currently unavailable)
rPois  .         Spirit   .     (helmet currently unavailable)
rElec  .         Dismiss  .     (cloak currently unavailable)
rCorr  .         Reflect  .     (gloves unavailable)
MR     +....     Harm     .     (boots unavailable)
Stlth  ++........ Rnd*Tele +    (no amulet)
                                P - ring "Sob Onina" {rN+ MR+}
                                N - ring of poison resistance

@: mighty, exhausted, spider-form, slowed, very slow
A: unfitting armour, (beak), (claws 0), rugged brown scales 1, blink, clumsy 1,
(deformed body), deterioration 1, (fire resistance 0), fast metabolism 3,
gourmand, regeneration 2, (shaggy fur 0), teleportitis 1, (tough skin 0)
a: Blink, Renounce Religion


You were on level 2 of the Lair of Beasts.
You worshipped Xom.
You were a favourite toy of Xom.
You were full.
You were a venomous arachnid creature.
You visited 3 branches of the dungeon, and saw 12 of its levels.
You also visited: Sewer and Ossuary.

You collected 651 gold pieces.

Inventory:

Hand Weapons
 q - the +8 whip of the Penguin {holy, Dex+4}
   (You found it on level 5 of the Dungeon)

   It has been blessed by the Shining One to cause great damage to the undead
   and demons.
   It affects your dexterity (+4).
Missiles
 e - 277 stones
 k - 7 large rocks
 p - 11 poisoned needles
 E - 2 tomahawks (quivered)
 O - 7 curare-tipped needles
Armour
 j - a +2 robe of cold resistance (melded)
 w - a +2 large shield of protection (melded)
 x - a +1 hat (melded)
 z - a +2 cloak of poison resistance
 A - the +5 cloak of Grottiness (melded) {rC+ Dex+3}
   (You acquired it on level 6 of the Dungeon)

   It affects your dexterity (+3).
   It protects you from cold.
Magical Staves
 I - an uncursed staff of wizardry
Jewellery
 N - a ring of poison resistance (left front leg)
 P - the ring "Sob Onina" (right front leg) {rN+ MR+}
   (You found it on level 1 of the Lair of Beasts)

   [ring of positive energy]

   It protects you from negative energy.
   It affects your resistance to hostile enchantments.
Wands
 u - a wand of hasting (5/9)
 G - a wand of iceblast (9/15)
 J - a wand of random effects (32/48)
 M - a wand of lightning (4/15)
 R - a wand of slowing (21/48)
 S - a wand of iceblast (11/15)
Scrolls
 c - 8 scrolls of teleportation
 d - 7 scrolls of remove curse
 n - a scroll of amnesia
 y - 2 scrolls of holy word
 B - 2 scrolls of blinking
 L - 3 scrolls of recharging
Potions
 a - 9 potions of curing
 f - 3 potions of brilliance
 h - a potion of haste
 m - 3 potions of resistance
 o - 6 potions of flight
 r - 3 potions of heal wounds
 s - 4 potions of might
 t - a potion of invisibility
 v - 3 potions of mutation
 D - 2 potions of agility
 H - a potion of lignification
 Q - a potion of magic
Books
 C - a book of Ice

   Spells                             Type                      Level
   a - Ice Form                       Ice/Transmutation            4
   b - Metabolic Englaciation         Hexes/Ice                    5
   c - Ozocubu's Refrigeration        Ice                          6
   d - Bolt of Cold                   Conjuration/Ice              6
   e - Freezing Cloud                 Conjuration/Ice/Air          6
   f - Simulacrum                     Ice/Necromancy               6
Comestibles
 b - 7 bread rations
 g - 2 fruits
 i - 3 beef jerkies
 l - 3 meat rations
 F - a slice of pizza
 K - 2 royal jellies


   Skills:
 * Level 8.1 Fighting
 - Level 4.0 Throwing
 - Level 1.9 Dodging
 * Level 11.2 Shields
 - Level 8.0 Unarmed Combat


You had 10 spell levels left.
You didn't know any spells.

Dungeon Overview and Level Annotations

Branches:
Dungeon (9/15)             Temple (1/1) D:4            Lair (2/6) D:9
  Snake (0/4) Lair:2          Orc (0/2) D:9
  Swamp: Lair:2-4    Shoals: Lair:2-4

Altars:
Cheibriados
Dithmenos
Makhleb
Okawaru
Qazlal
Ru
Sif Muna
Trog
Uskayaw
Vehumet
Xom
Yredelemnul
Zin

Shops:
D:5 (

Annotations:
Lair:2 Zigma's ghost, journeyman DrMo


Innate Abilities, Weirdness & Mutations

You are too large for most types of armour.
((You have claws for hands.))
Your metabolism is lightning-fast.
You like to eat raw meat.
You heal very quickly.
((You are covered in fur. (AC +1)))
((You have very tough skin. (AC +2)))
((You have a beak for a mouth.))
(You are partially covered in rugged brown scales. (AC +1, +3% HP))
You can translocate small distances at will.
You are clumsy. (Dex -2)
((Armour fits poorly on your strangely shaped body.))
Your body sometimes deteriorates upon taking damage.
((Your flesh is heat resistant. (rF+)))
You are occasionally teleported next to monsters.


Message History

Your crimson imp barely misses Zigma's ghost.
Zigma's ghost hits you!
You are too injured to fight recklessly!
You are too injured to fight recklessly!
You barely miss Zigma's ghost.
Zigma's ghost is heavily damaged.
Your crimson imp disappears in a puff of smoke!
Zigma's ghost hits you but does no damage.
You miss Zigma's ghost.
Zigma's ghost is heavily damaged. "The weather's been a little too boring around here."
You are now a favourite toy of Xom.
Zigma's ghost hits you!!
* * * LOW HITPOINT WARNING * * *
Zigma's ghost hits you!
* * * LOW HITPOINT WARNING * * *
Zigma's ghost wails, "You will never get the ORB!"
Zigma's ghost hits you!!
You die...
Xom chortles!

**,#P....W......# *
#.....<##.##.§§# **
###..#. #####.§##
,* ##*..,, #§#.# ,*
#..#** #§### ,*
###.* ##§## ,* #.#.
#§§§# * #...* ##W##
,* ##.. * #.s.# ,**
#..##* ##.P# ,,*
##).### #P.##
.P####†...P####P.#
.............###.##
###.#....##.#..#..#
#*###.##........#
######.###.#.#####
##...##.# #####


You could see Zigma's ghost.

Vanquished Creatures
  Erica (D:9)
  A black mamba (Lair:2)
  Joseph (D:7)
  A spiny frog (Lair:1)
  2 komodo dragons
  A polar bear (Lair:2)
  Prince Ribbit (D:8)
  A hill giant zombie (D:9)
  10 yaks
  2 hungry ghosts
  2 hippogriffs
  Menkaure (D:7)
  5 nagas (Lair:2)
  7 water moccasins
  4 porcupines
  2 orc warriors
  Duvessa (D:7)
  4 ice beasts
  4 phantoms
  4 ogres
  3 centaurs
  4 crocodiles (Lair:1)
  4 giant frogs
  Dowan (D:7)
  2 scorpions
  8 killer bees
  11 wights
  3 howler monkeys
  3 crimson imps
  A centaur zombie (Ossuary)
  3 hounds
  5 orc priests
  12 orc wizards
  A human zombie (Ossuary)
  4 iguanas
  Ijyb (D:2)
  A centaur skeleton (D:6)
  Natasha (thrice) (D:3 D:7)
  3 worker ants
  7 ogre zombies (D:9)
  5 mummies (Ossuary)
  A worker ant zombie (D:7)
  Robin (D:2)
  A gnoll (D:2)
  2 howler monkey skeletons (D:4)
  13 adders
  12 river rats
  A shadow imp (D:6)
  4 oozes (Sewer)
  An adder zombie (D:7)
  10 worms
  3 dart slugs
  5 giant geckos
  28 orcs
  6 giant cockroaches
  A gnoll zombie (Ossuary)
  18 goblins
  17 hobgoblins
  8 jackals
  3 quokkas
  15 bats
  A giant gecko skeleton (D:8)
  A giant gecko zombie (D:8)
  7 giant newts
  A goblin skeleton (D:9)
  4 goblin zombies
  2 hobgoblin skeletons (D:9)
  4 hobgoblin zombies
  8 kobolds
  2 kobold zombies (Ossuary)
  4 orc skeletons (D:9)
  12 orc zombies (D:9)
  16 rats
352 creatures vanquished.

Vanquished Creatures (collateral kills)
  A hippogriff (D:7)
  A phantom (D:7)
  A giant frog (D:7)
  An orc priest (D:7)
4 creatures vanquished.

Vanquished Creatures (others)
  A scorpion (D:8)
  A killer bee (D:8)
  An adder skeleton (D:7)
  An orc (D:7)
  A fungus (Lair:2)
5 creatures vanquished.

Grand Total: 361 creatures vanquished

Notes
Turn   | Place    | Note
-------+----------+-------------------------------------------
     0 | D:1      | MrRokkomies the Troll Chaos Knight began the quest for the Orb.
     0 | D:1      | Reached XP level 1. HP: 22/22 MP: 0/0
   176 | D:1      | Reached XP level 2. HP: 29/29 MP: 1/1
   514 | D:1      | Reached XP level 3. HP: 36/36 MP: 2/2
   814 | D:2      | Found a snail-covered altar of Cheibriados.
   835 | D:2      | XOM: potion effect (berserk rage)
   837 | D:2      | Noticed Robin
   853 | D:2      | Reached XP level 4. HP: 45/45 MP: 3/3
   859 | D:2      | Killed Robin
   938 | D:2      | Found a shadowy altar of Dithmenos.
  1037 | D:2      | Noticed Ijyb
  1043 | D:2      | Killed Ijyb
  1055 | D:2      | XOM: god gift: scroll labeled UBBOUKLICO {god gift}
  1199 | D:2      | Reached XP level 5. HP: 43/53 MP: 4/4
  1510 | D:3      | Reached skill level 1 in Throwing
  1510 | D:3      | Reached skill level 5 in Unarmed Combat
  1537 | D:3      | XOM is BORED!
  1537 | D:3      | XOM: mild Divn miscast
  1694 | D:3      | Noticed Natasha
  1696 | D:3      | Killed Natasha
  1772 | D:3      | XOM: confuse monster(s)
  1794 | D:3      | Found a sacrificial altar of Ru.
  1794 | D:3      | Found a stormy altar of Qazlal.
  1976 | D:3      | Reached XP level 6. HP: 61/61 MP: 5/5
  2184 | D:4      | Found a glowing drain.
  2204 | Sewer    | Entered a sewer
  2279 | Sewer    | XOM: 7-stop teleportation journey
  2528 | Sewer    | XOM: fog
  2771 | D:4      | XOM: enchant monster (good)
  2779 | D:4      | Reached XP level 7. HP: 26/67 MP: 6/6
  2849 | D:4      | XOM: 1-stop teleportation journey
  2876 | D:4      | XOM: enchant monster (good)
  2918 | D:4      | XOM: god gift: 46 gold pieces
  2926 | D:4      | Found a staircase to the Ecumenical Temple.
  2935 | Temple   | Entered the Ecumenical Temple
  3034 | D:4      | XOM: 4-stop teleportation journey
  3349 | D:5      | Entered Level 5 of the Dungeon
  3360 | D:5      | Found a bloodstained altar of Trog.
  3414 | D:5      | Found Vitoptir's Antique Weapon Shoppe.
  3589 | D:5      | Got a twisted whip
  3590 | D:5      | Identified the +8 whip of the Penguin {holy, Dex+4} (You found it on level 5 of the Dungeon)
  3655 | D:5      | Found a burning altar of Makhleb.
  3800 | D:5      | XOM: scenery: 4 doors open, 1 doors close
  3894 | D:5      | Reached XP level 8. HP: 79/79 MP: 7/7
  4055 | D:5      | XOM: chaos upgrade
  4190 | D:5      | XOM: scenery: 1 doors close
  4221 | D:5      | XOM: give mutation
  4221 | D:5      | Gained mutation: Your flesh is heat resistant. (rF+) [Xom's grace]
  4278 | D:5      | Found a deep blue altar of Sif Muna.
  4393 | D:6      | Reached skill level 5 in Fighting
  4457 | D:6      | Identified a scroll of acquirement
  4573 | D:6      | XOM: divination: magic mapping
  4576 | D:6      | Reached skill level 1 in Shields
  4594 | D:6      | Reached skill level 2 in Shields
  4921 | D:6      | Reached skill level 3 in Shields
  4982 | D:6      | Got an ichor-stained cloak
  4984 | D:6      | Got a translucent cloak
  4995 | D:6      | Identified the +0 cloak of Koxzinec {Int+4} (You acquired it on level 6 of the Dungeon)
  5005 | D:6      | Identified the +5 cloak of Grottiness {rC+ Dex+3} (You acquired it on level 6 of the Dungeon)
  5129 | D:7      | Noticed Duvessa
  5130 | D:7      | Noticed Dowan
  5131 | D:7      | XOM: 5-stop teleportation journey
  5166 | D:7      | XOM: confuse monster(s)
  5176 | D:7      | Reached skill level 4 in Shields
  5191 | D:7      | Noticed Menkaure
  5302 | D:7      | Killed Menkaure
  5302 | D:7      | Reached XP level 9. HP: 49/88 MP: 8/8
  5393 | D:7      | Reached skill level 5 in Shields
  5570 | D:7      | Noticed Natasha
  5573 | D:7      | Killed Natasha
  5595 | D:7      | Killed Duvessa
  5599 | D:7      | Killed Dowan
  5599 | D:7      | Reached skill level 6 in Shields
  5612 | D:7      | Noticed Natasha
  5619 | D:7      | Killed Natasha
  5632 | D:7      | Found a sand-covered staircase.
  5640 | Ossuary  | Entered an ossuary
  5883 | D:7      | Noticed Joseph
  5890 | D:7      | Upgraded the game from 0.19-a0-1457-g32fba05 to 0.19-a0-1462-g5650605
  5899 | D:7      | XOM: summons friendly iron imp
  5900 | D:7      | XOM: confuse monster(s)
  5901 | D:7      | XOM: cast spell 'Spider Form'
  5903 | D:7      | Killed Joseph
  5903 | D:7      | Reached skill level 7 in Shields
  5973 | D:7      | XOM: polymorph iron imp -> crimson imp
  6005 | D:7      | XOM is BORED!
  6005 | D:7      | XOM: summons 4 hostile demons
  6006 | D:7      | Noticed a soul eater
  6083 | D:8      | XOM: god gift: short glowing staff {god gift}
  6094 | D:8      | XOM: cloud trail
  6147 | D:7      | XOM: summons friendly chaos spawn
  6162 | D:7      | XOM: destruction
  6181 | D:7      | Reached skill level 8 in Shields
  6192 | D:7      | XOM: fog
  6193 | D:7      | XOM: summons 3 friendly demons
  6221 | D:7      | Reached XP level 10. HP: 76/96 MP: 9/9
  6351 | D:7      | XOM: give mutations
  6351 | D:7      | Gained mutation: You are occasionally teleported next to monsters. [Xom's mischief]
  6351 | D:7      | Gained mutation: You are clumsy. (Dex -2) [Xom's mischief]
  6351 | D:7      | Gained mutation: Your body sometimes deteriorates upon taking damage. [Xom's mischief]
  6351 | D:7      | Gained mutation: Armour fits poorly on your strangely shaped body. [Xom's mischief]
  6438 | D:8      | Noticed Prince Ribbit
  6443 | D:8      | Killed Prince Ribbit
  6482 | D:8      | Reached skill level 9 in Shields
  6608 | D:8      | XOM: noise
  6704 | D:8      | XOM: fake destruction
  6707 | D:8      | XOM: divine lightning (protected)
  6749 | D:8      | XOM: mild Air miscast
  6780 | D:8      | XOM: medium Pois miscast
  6984 | D:8      | Found a glowing silver altar of Zin.
  7141 | D:9      | Noticed Erica
  7150 | D:9      | Killed Erica
  7347 | D:9      | Found a staircase to the Lair.
  7352 | D:9      | Found a staircase to the Orcish Mines.
  7358 | D:9      | XOM: blink monster(s)
  7393 | D:9      | XOM: noise
  7412 | D:9      | Reached skill level 10 in Shields
  7579 | Lair:1   | Entered Level 1 of the Lair of Beasts
  7624 | Lair:1   | XOM: harmless Tloc miscast
  7686 | Lair:1   | XOM: mild Tloc miscast
  7820 | Lair:1   | XOM: scenery: 1 doors open
  7824 | Lair:1   | XOM: give mutations
  7824 | Lair:1   | Gained mutation: You have a beak for a mouth. [Xom's grace]
  7824 | Lair:1   | Gained mutation: You can translocate small distances at will. [Xom's grace]
  7824 | Lair:1   | Gained mutation: You are partially covered in rugged brown scales. (AC +1, +3% HP) [Xom's grace]
  7824 | Lair:1   | Gained mutation: You heal very quickly. [Xom's grace]
  7834 | Lair:1   | XOM: cast spell 'Summon Mana Viper'
  7848 | Lair:1   | Got a flickering tin ring
  7849 | Lair:1   | Identified the ring "Sob Onina" {rN+ MR+} (You found it on level 1 of the Lair of Beasts)
  7946 | Lair:1   | Noticed a spiny frog
  7956 | Lair:1   | Killed a spiny frog
  7977 | Lair:1   | Reached XP level 11. HP: 110/110 MP: 10/10
  8131 | Lair:1   | XOM: cloud trail
  8193 | Lair:1   | XOM: enchant monster (good)
  8272 | Lair:1   | XOM: harmless Chrm miscast
  8359 | Lair:2   | Found a staircase to the Snake Pit.
  8360 | Lair:2   | XOM: harmless Hex miscast
  8363 | Lair:2   | XOM: divination: magic mapping
  8440 | Lair:2   | XOM: potion effect (invisibility)
  8501 | Lair:2   | Reached skill level 11 in Shields
  8517 | Lair:2   | XOM: harmless Chrm miscast
  8610 | Lair:2   | XOM: snakes to sticks
  8650 | Lair:2   | Noticed Zigma's ghost (journeyman DrMo)
  8655 | Lair:2   | XOM: summons 5 friendly demons
  8668 | Lair:2   | XOM: smoke on damage
  8679 | Lair:2   | XOM: enchant monster (bad)
  8682 | Lair:2   | XOM: cast spell 'Spider Form'
  8687 | Lair:2   | XOM: fog
  8691 | Lair:2   | Slain by Zigma's ghost

Vault maps used:
D:1:      elethiomel_arrival_diamonds
D:2:      cheibriados_altar_1, marbit_many_paths, minmay_pentomino_z2,
          uniq_robin, uniq_iyjb
D:3:      gammafunk_temple_overflow_wave, uniq_natasha
D:4:      portal_sewer_entry_a, first_bread
D:5:      bloody_trog, lemuel_doored_altar, lemuel_blue_sif_altar, serial_shops,
          shop
D:7:      wad_guarded_room, nicolae_ossuary_entry_false_entrances,
          uniq_menkaure, uniq_duvessa, uniq_joseph
D:8:      zin_treasury, uniq_prince_ribbit1
D:9:      lair_0_dummy, zombieorc2_lemuel, uniq_erica
Temple:   cyrus_circular_temple
Lair:2:   minmay_snake_entry_guardpost_large
Sewer:    sewer_fruit_machine
Ossuary:  ossuary_crypta

Skill      XL: |  1  2  3  4  5  6  7  8  9 10 11 |
---------------+----------------------------------+-----
Fighting       | 3 4 5 6 8 |  8.1
Unarmed Combat | 4 5 6 7 8 |  8.0
Throwing       | 2 3 4 |  4.0
Shields        | 4 8 10 11 | 11.2
Dodging        | |  1.9

Action                   |  1- 3 |  4- 6 |  7- 9 | 10-12 || total
-------------------------+-------+-------+-------+-------++-------
Melee: Unarmed           |    89 |   256 |   351 |   412 ||  1108
       Punch             |       |     2 |    10 |     8 ||    20
       Peck              |       |       |       |    47 ||    47
Throw: Large rock        |       |     2 |     8 |     3 ||    13
       Stone             |       |     1 |    26 |     2 ||    29
       Tomahawk          |       |       |     7 |     2 ||     9
Evoke: Wand              |       |       |       |     1 ||     1
  Use: Scroll            |     3 |     9 |    17 |     8 ||    37
       Potion            |       |     1 |       |     3 ||     4
 Stab: Sleeping          |     1 |     1 |       |     3 ||     5
       Paralysed         |       |     4 |     2 |       ||     6
       Confused          |       |       |     4 |       ||     4
       Distracted        |       |       |     1 |       ||     1
       Petrified         |       |       |     1 |       ||     1
       Invisible         |       |       |       |    14 ||    14
  Eat: Chunk             |    12 |    15 |    31 |    23 ||    81
       Pizza             |       |       |     1 |       ||     1
       Bread ration      |       |       |       |     1 ||     1
Armor: Robe              |    27 |   101 |   110 |    83 ||   321
       Skin              |       |       |       |     1 ||     1
Dodge: Dodged            |    44 |   158 |   154 |    96 ||   452
Block: Large shield      |       |       |     7 |   243 ||   250
